cohdb
Replays
Latest Replays
All Replays
Popular Replays
Top Player Replays
Match Explorer
How It Works
Community
CoH3 Stats
Reddit
Sign in to upload your games and track your stats! →
Sign in with Steam
Match 37548853
Unlisted
Match 37548853
Overview
Messages
Build Orders
End
Construct Barracks
Selects Advanced Infantry Battlegroup
Riflemen Squad
Riflemen Squad
Riflemen Squad
Infantry Support Center
Riflemen Squad
Selects Convert to Ranger Squad
Construct Motor Pool
Selects Frontline Medical Station
Frontline Medical Station
Convert to Ranger Squad
Grenade Package
M8 Greyhound Armored Car
Convert to Ranger Squad
Advanced Logistics
Selects Ranger Weapon Training
Survival Training
Selects Artillery Observers
M1918 Browning Automatic Rifles
Convert to Ranger Squad
Convert to Ranger Squad
Construct Tank Depot
M1 Anti-tank Gun Team
Selects M2A1 105mm Howitzer Emplacement
Selects Free Fire Drills
Ranger Squad
Microsoft Outlook
deadsadbadmad
Fr3aK
INordaas
0
0
Comments
sign in to comment!
No comments posted yet!